 Dungeon Crawl Stone Soup version 0.18.1-8-gdd0e5ea (webtiles) character file.

28908 sakapon the Cleaver (level 13, -4/118 HPs)
             Began as a Minotaur Berserker on May 24, 2016.
             Was a High Priest of Trog.
             Slain by a death yak (14 damage)
             ... on level 6 of the Lair of Beasts on May 25, 2016.
             The game lasted 01:11:02 (13005 turns).

sakapon the Cleaver (Minotaur Berserker)           Turns: 13005, Time: 01:11:02

Health: -4/118     AC: 21    Str: 28    XL:     13   Next: 12%
Magic:  12/12      EV: 11    Int:  4    God:    Trog [*****.]
Gold:   919        SH:  5    Dex: 11    Spells: 0 memorised, 12 levels left

rFire  . . .     SeeInvis .     g - +3 spear (freeze)
rCold  . . .     Gourm    .     E - +0 plate armour
rNeg   . . .     Faith    .     U - +0 buckler
rPois  .         Spirit   .     (helmet restricted)
rElec  .         Dismiss  .     B - +0 cloak
rCorr  .         Reflect  .     Z - +2 pair of gloves
SustAt .         Harm     .     (no boots)
MR     .....                    I - amulet of magic regeneration
Stlth  ..........               v - +3 ring of slaying
                                q - +2 ring of strength

@: exhausted, very slightly contaminated, slowed, very slow, not resistant to
hostile enchantments, extremely unstealthy
A: retaliatory headbutt, horns 2
a: Berserk, Trog's Hand, Brothers in Arms, Burn Spellbooks, Renounce Religion


You were on level 6 of the Lair of Beasts.
You worshipped Trog.
Trog was extremely pleased with you.
You were near starving.

You visited 2 branches of the dungeon, and saw 15 of its levels.

You collected 919 gold pieces.

Inventory:

Hand Weapons
 e - a +3 arbalest of evasion
 g - a +3 spear of freezing (weapon)
 P - the +1 hand axe "Vagakout" {freeze, *Contam rF+ MR+ Dex+2}
   (You found it on level 2 of the Lair of Beasts)

   It has been specially enchanted to freeze those struck by it, causing extra
   injury to most foes and up to half again as much damage against particularly
   susceptible opponents.
   It can also slow down cold-blooded creatures.
   It affects your dexterity (+2).
   It protects you from fire.
   It affects your resistance to hostile enchantments.
   It causes magical contamination when unequipped.
 S - a +1 greatsling of freezing
Missiles
 k - 2 poisoned javelins (quivered)
 W - 92 sling bullets
Armour
 B - a +0 cloak (worn)
 E - a +0 plate armour (worn)
 J - a +0 large shield
 U - a +0 buckler (worn)
 Z - a +2 pair of gloves (worn)
Jewellery
 b - an uncursed ring of positive energy
 q - a +2 ring of strength (left hand)
 v - a +3 ring of slaying (right hand)
 I - an amulet of magic regeneration (around neck)
 T - an uncursed ring of protection from magic
 Y - an uncursed ring of protection from fire
Wands
 a - a wand of lightning (11/15)
 f - a wand of acid (9/15)
 j - a wand of polymorph (9/24)
 H - a wand of flame (11/48)
 Q - a wand of slowing (25/48)
 R - a wand of iceblast (0/15)
 X - a wand of acid (8/15)
Scrolls
 d - 7 scrolls of teleportation
 h - 3 scrolls of fog
 n - 5 scrolls of remove curse
 o - 4 scrolls of identify
 s - a scroll of magic mapping
 t - 2 scrolls of fear {unknown}
 w - 2 scrolls of blinking {unknown}
 y - 3 scrolls of recharging {unknown}
 A - 3 scrolls of immolation {unknown}
 G - 5 scrolls of random uselessness {unknown}
 L - 3 scrolls of enchant weapon {unknown}
 V - 2 scrolls of vulnerability {unknown}
Potions
 i - 2 potions of might
 m - 2 potions of brilliance
 r - 2 potions of haste
 u - 2 potions of curing
 z - a potion of berserk rage
 D - 2 potions of flight
 F - 3 potions of lignification
 K - 2 potions of invisibility {unknown}
 M - 2 potions of agility {unknown}
Comestibles
 c - 4 bread rations
 p - a beef jerky
 x - 6 meat rations
 C - 19 fruits
 N - 10 royal jellies
 O - a slice of pizza


   Skills:
 + Level 12.1 Fighting
 + Level 13.8(14.0) Axes
   Level 1.4(9.3) Maces & Flails
 + Level 4.2(10.1) Polearms
 + Level 0.9(4.8) Slings
 + Level 7.0 Throwing
 + Level 13.5 Armour
 + Level 8.7 Dodging
 - Level 1.4 Stealth
 + Level 4.6 Shields
 + Level 0.5 Evocations


You had 12 spell levels left.
You didn't know any spells.

Dungeon Overview and Level Annotations

Branches:
Dungeon (9/15)             Temple (0/1) D:7            Lair (6/8) D:9
 Shoals (0/4) Lair:5        Snake (0/4) Lair:3          Orc (0/2) D:9
  Slime: Lair:6-8

Altars:
Elyvilon
Kikubaaqudgha
Nemelex Xobeh
Okawaru
Pakellas
Qazlal
Trog
Yredelemnul

Shops:
D:9 %


Innate Abilities, Weirdness & Mutations

You reflexively headbutt those who attack you in melee.
You have a pair of horns on your head.


Message History

You feel better. The death yak gores you!
* * * LOW HITPOINT WARNING * * *
The water moccasin bites you but does no damage.
The water moccasin misses you. You furiously retaliate!
You headbutt the water moccasin! The death yak misses you.
You puncture the death yak! You freeze the death yak.
You headbutt the death yak!
The death yak is heavily wounded.
The water moccasin bites you but does no damage.
You puncture the death yak! You freeze the death yak.
The death yak is severely wounded.
The death yak completely misses you. You furiously retaliate!
You headbutt the death yak. The water moccasin barely misses you.
You furiously retaliate!
You headbutt the water moccasin!
You kill the water moccasin!
Trog accepts your kill.
You hit the death yak but do no damage.
The death yak is severely wounded.
The death yak gores you!
You die...

## .#P.##
....#.#####
......P.#.
.......#
.....##
#....#
#.@Y.#
#..†P#
......#
.........#
...........#
..........##
###.###..#!
## ...P..


You could see a death yak.

Vanquished Creatures
  A hydra (Lair:1)
  A queen ant (Lair:3)
  9 death yaks
  8 elephants
  10 black mambas
  6 spiny frogs
  3 komodo dragons
  A rime drake (Lair:1)
  A polar bear (Lair:3)
  A troll (D:9)
  5 blink frogs
  4 yaks (Lair:3)
  A wyvern (Lair:4)
  A basilisk (Lair:4)
  A hungry ghost (D:9)
  11 hippogriffs
  The ghost of buf2 the Bolt Thrower, an amateur HuHu of Zin (D:4)
  15 soldier ants (Lair:3)
  10 water moccasins
  4 porcupines
  4 orc warriors
  2 ice beasts
  2 black bears (D:8)
  5 ogres
  A phantom (D:4)
  A necrophage (D:9)
  3 centaurs
  9 crocodiles
  A big kobold (D:8)
  The ghost of Elvalys the Firebug, an amateur DEFE (D:3)
  13 giant frogs
  2 gnoll sergeants
  A scorpion (D:8)
  3 wights (D:6)
  2 howler monkeys
  7 crimson imps
  A quasit (D:9)
  6 orc priests (D:9)
  8 jellies
  A centaur skeleton (D:6)
  4 hounds
  7 orc wizards
  A giant frog skeleton (D:5)
  9 iguanas
  35 worker ants
  A killer bee zombie (D:5)
  2 sheep
  A hound skeleton (D:6)
  A howler monkey zombie (D:9)
  A howler monkey skeleton (D:4)
  A worker ant zombie (D:5)
  12 gnolls
  7 adders
  34 river rats
  A shadow imp (D:6)
  5 oozes (D:8)
  An adder zombie (D:8)
  An adder skeleton (D:5)
  2 worms
  13 dart slugs
  A giant gecko (D:7)
  31 orcs
  3 ball pythons (Lair:3)
  5 giant cockroaches
  6 goblins
  6 hobgoblins
  7 jackals
  10 kobolds
  3 quokkas
  5 bats
  A giant gecko zombie (D:6)
  4 giant newts
  A jackal skeleton (D:6)
  A quokka zombie (D:8)
  4 rats (D:1)
  2 fungi (Lair:3)
396 creatures vanquished.

Vanquished Creatures (collateral kills)
  An ogre (D:9)
  A big kobold (D:9)
  A gnoll sergeant (D:9)
  A gnoll (D:9)
  An orc (D:9)
5 creatures vanquished.

Vanquished Creatures (others)
  5 fungi
  2 plants
7 creatures vanquished.

Grand Total: 408 creatures vanquished

Notes
Turn   | Place    | Note
--------------------------------------------------------------
     0 | D:1      | sakapon the Minotaur Berserker began the quest for the Orb.
     0 | D:1      | Reached XP level 1. HP: 19/19 MP: 0/0
    38 | D:1      | Reached XP level 2. HP: 24/27 MP: 1/1
   515 | D:1      | Reached ** piety under Trog
   549 | D:1      | Reached XP level 3. HP: 30/33 MP: 2/2
  1198 | D:2      | Found an iron altar of Okawaru.
  1367 | D:2      | Reached XP level 4. HP: 36/41 MP: 3/3
  1950 | D:3      | Noticed Elvalys's ghost (amateur DEFE)
  1968 | D:3      | Killed Elvalys's ghost
  1968 | D:3      | Reached skill level 5 in Axes
  1968 | D:3      | Reached XP level 5. HP: 27/47 MP: 4/4
  1993 | D:3      | HP: 2/47 [poisoned by Elvalys's ghost]
  2022 | D:3      | Found an oddly glowing altar of Pakellas.
  2022 | D:3      | Found Pakellas's Prime Provisions.
  2254 | D:4      | Reached XP level 6. HP: 45/53 MP: 5/5
  2300 | D:4      | Noticed buf2's ghost (amateur HuHu)
  2319 | D:4      | Killed buf2's ghost
  2319 | D:4      | Reached skill level 5 in Fighting
  2319 | D:4      | Reached skill level 5 in Dodging
  2447 | D:4      | Noticed an ice beast
  2457 | D:4      | Killed an ice beast
  2457 | D:4      | Reached XP level 7. HP: 53/61 MP: 6/6
  2495 | D:4      | Reached skill level 5 in Armour
  2919 | D:4      | Reached *** piety under Trog
  3112 | D:5      | Entered Level 5 of the Dungeon
  3790 | D:5      | Found a basalt altar of Yredelemnul.
  4078 | D:6      | Reached XP level 8. HP: 38/69 MP: 7/7
  4950 | D:6      | Reached **** piety under Trog
  5257 | D:7      | Reached XP level 9. HP: 74/78 MP: 8/8
  5613 | D:7      | Reached skill level 1 in Stealth
  5638 | D:7      | Found a staircase to the Ecumenical Temple.
  5867 | D:8      | Found a bloodstained altar of Trog.
  5867 | D:8      | Found an ancient bone altar of Kikubaaqudgha.
  5867 | D:8      | Found a sparkling altar of Nemelex Xobeh.
  6163 | D:8      | Reached skill level 1 in Maces & Flails
  6411 | D:8      | Reached ***** piety under Trog
  6416 | D:8      | Reached skill level 1 in Polearms
  6721 | D:9      | Found a white marble altar of Elyvilon.
  6987 | D:9      | Reached XP level 10. HP: 50/88 MP: 9/9
  7252 | D:9      | Found Wami's Food Emporium.
  7260 | D:9      | Found a staircase to the Lair.
  7286 | D:9      | Received a gift from Trog
  7349 | D:9      | Reached skill level 10 in Armour
  7558 | D:9      | Found a staircase to the Orcish Mines.
  7928 | Lair:1   | Entered Level 1 of the Lair of Beasts
  8169 | Lair:1   | Noticed a spiny frog
  8174 | Lair:1   | Killed a spiny frog
  8174 | Lair:1   | Reached skill level 1 in Throwing
  8420 | Lair:1   | Reached skill level 10 in Axes
  8624 | Lair:1   | Noticed a spiny frog
  8632 | Lair:1   | Killed a spiny frog
  8827 | Lair:1   | Noticed a four-headed hydra
  8834 | Lair:1   | Killed a one-headed hydra
  8992 | Lair:2   | Reached XP level 11. HP: 97/97 MP: 10/10
  9053 | Lair:2   | Got a jewelled hand axe
  9054 | Lair:2   | Identified the +1 hand axe "Vagakout" {freeze, *Contam rF+ MR+ Dex+2} (You found it on level 2 of the Lair of Beasts)
  9811 | Lair:3   | Received a gift from Trog
  9872 | Lair:3   | Noticed a queen ant
  9893 | Lair:3   | Killed a queen ant
  9896 | Lair:3   | Reached skill level 10 in Fighting
 10263 | Lair:3   | Reached skill level 1 in Shields
 10271 | Lair:3   | Reached skill level 5 in Throwing
 10271 | Lair:3   | Gained mutation: You expend magic power (3 MP) to strengthen your wands. [mutagenic glow]
 10404 | Lair:3   | Received a gift from Trog
 10690 | Lair:3   | Found a stormy altar of Qazlal.
 10775 | Lair:3   | Found a staircase to the Snake Pit.
 10803 | Lair:3   | Reached XP level 12. HP: 108/108 MP: 11/11
 11754 | Lair:4   | Noticed a death yak
 11757 | Lair:4   | Noticed a death yak
 11761 | Lair:4   | Killed a death yak
 11776 | Lair:4   | Killed a death yak
 11777 | Lair:4   | Noticed a death yak
 11781 | Lair:4   | Noticed a death yak
 11788 | Lair:4   | Killed a death yak
 11794 | Lair:4   | Killed a death yak
 11989 | Lair:4   | Noticed a death yak
 12004 | Lair:4   | Killed a death yak
 12004 | Lair:4   | Received a gift from Trog
 12696 | Lair:5   | Found a staircase to the Shoals.
 12760 | Lair:5   | Received a gift from Trog
 12810 | Lair:5   | Lost mutation: You expend magic power (3 MP) to strengthen your wands. [mutagenic glow]
 12953 | Lair:5   | Noticed a death yak
 12954 | Lair:5   | Noticed a death yak
 12955 | Lair:5   | Noticed a death yak
 12956 | Lair:5   | Noticed a death yak
 12957 | Lair:5   | Noticed a death yak
 12962 | Lair:5   | Noticed a death yak
 12966 | Lair:5   | Killed a death yak
 12966 | Lair:5   | Reached XP level 13. HP: 74/118 MP: 12/12
 13005 | Lair:6   | Slain by a death yak

Skill      XL: |  1  2  3  4  5  6  7  8  9 10 11 12 13 |
---------------+----------------------------------------+-----
Axes           | 4 5 6 8 9 10 12 13 | 13.8
Fighting       | 4 5 6 8 9 10 12 | 12.1
Dodging        | 3 4 5 6 7 8 |  8.7
Armour         | 3 4 6 8 9 11 12 13 | 13.5
Stealth        | 1 |  1.4
Maces & Flails | 1 |  1.4
Polearms       | 2 3 4 |  4.2
Throwing       | 3 5 6 7 |  7.0
Shields        | 2 4 |  4.6
Slings         | |  0.9
Evocations     | |  0.5

Action                   |  1- 3 |  4- 6 |  7- 9 | 10-12 | 13-15 || total
-------------------------+-------+-------+-------+-------+-------++-------
Melee: Hand axe          |    64 |    93 |   278 |   420 |       ||   855
       Headbutt          |     9 |    14 |    86 |   152 |     9 ||   270
       Halberd           |       |       |   106 |    15 |       ||   121
       Flail             |       |       |    14 |       |       ||    14
       Executioner's axe |       |       |       |    79 |       ||    79
       Spear             |       |       |       |    18 |    27 ||    45
 Fire: Greatsling        |       |       |     4 |       |       ||     4
Throw: Javelin           |       |       |     1 |   107 |       ||   108
Invok: Berserk           |       |     1 |     4 |     4 |     1 ||    10
       Brothers in Arms  |       |       |       |     1 |       ||     1
       Burn Spellbooks   |       |       |       |     1 |       ||     1
Evoke: Wand              |       |       |       |     2 |       ||     2
  Use: Scroll            |       |     5 |     3 |    13 |       ||    21
       Potion            |       |     1 |       |     2 |     2 ||     5
  Eat: Chunk             |     1 |     5 |    12 |    22 |       ||    40
       Bread ration      |       |       |     2 |       |       ||     2
       Fruit             |       |       |     1 |       |       ||     1
       Beef jerky        |       |       |       |     1 |       ||     1
Armor: Animal skin       |     4 |       |       |       |       ||     4
       Ring mail         |    17 |    27 |     2 |       |       ||    46
       Chain mail        |       |       |   267 |    57 |       ||   324
       Plate armour      |       |       |       |   193 |    12 ||   205
Dodge: Dodged            |    59 |    63 |   296 |   233 |     9 ||   660
Block: Buckler           |       |       |     1 |    60 |     5 ||    66
